Workbook

Sheet Fundraising Event Summary
A1: Fundraising Event Summary Report
A3: Fund Name/Community:
A5: Event Type/Description (Festival, Dinner, etc.)
A6: Event Title:
A7: Date of Event:
A9: Proceeds for the benefit of:
A10: _____Endowment
A11: _____General Fund
A12: _____Project Fund (please specify)
A14: Gross Receipts (Includes ALL revenue/contributions associated with this event)
A15: Ticket/Product sales gross receipts (tab 1) | C15: ='1. Ticket Sale Worksheet'!C32 -> 0
A16: Auction item sales gross receipts (tab 2) | C16: ='2. Auction Items Worksheet'!F32 -> 0
A17: Event income, Other (tab 3) | C17: ='3. Event Income, other'!D27 -> 0
A19: Total Gross Receipts (This amount is not reduced by any expenses) | B19: $ | C19: =SUM(C15:C17) -> 0
A21: Contributions included in Gross Receipts
A22: Ticket/Product sales contribution portion (tab 1) | C22: ='1. Ticket Sale Worksheet'!E32 -> 0
A23: Auction item sales contribution portion (tab 2) | C23: ='2. Auction Items Worksheet'!G32 -> 0
A24: Event income, Other contribution portion (tab 3) | C24: ='3. Event Income, other'!D27 -> 0
A26: Total Contributions included in Gross Receipts | B26: $ | C26: =SUM(C22:C24) -> 0
A29: Cash Prizes Paid | B29: $ | C29: ='4. Cash Prizes Paid'!D19 -> 0
A30: (tab 4)
A32: Non-cash Prizes (including Auction Items) Given Out at FMV
A33: (FMV=fair market value) (tab 2) | B33: $ | C33: ='2. Auction Items Worksheet'!C32 -> 0
A35: Rent/Facility Costs | B35: $ | C35: ='5. Event Expenses'!D10 -> 0
A36: (tab 5)
A38: Other Direct Expenses
A39: (tab 5) | B39: $ | C39: ='5. Event Expenses'!D31 -> 0
A40: Do not include any expenses listed above
A41: ( expenses such as mailings, advertising, etc directly related to event)
A43: Date: | C43: send to:
C44: Southern MN Initiative Foundation
A45: Submitted by: | C45: 525 Florence Ave.
C46: Owatonna MN 55060
A48: **This form must be sent in with contributions from an event
A49: All applicable tabs should be completed and sent with summary page
A50: **Checks will not be deposited until this completed form is received at SMIF

Sheet 1. Ticket Sale Worksheet
A1: Date | B1: Donor Name | C1: Total Funds Received | D1: Value of Meals | E1: Contribution Portion of Ticket Price
E2: =C2-D2 -> 0
E3: =C3-D3 -> 0
E4: =C4-D4 -> 0
E5: =C5-D5 -> 0
E6: =C6-D6 -> 0
E7: =C7-D7 -> 0
E8: =C8-D8 -> 0
E9: =C9-D9 -> 0
E10: =C10-D10 -> 0
E11: =C11-D11 -> 0
E12: =C12-D12 -> 0
E13: =C13-D13 -> 0
... E31: =C31-D31 -> 0
C32: =SUM(C2:C31) -> 0 | D32: =SUM(D2:D31) -> 0 | E32: =SUM(E2:E31) -> 0
B34: Price per Ticket
B35: Number of Tickets Sold

Sheet 2. Auction Items Worksheet
A1: Fair Market Value (FMV) of all auction items MUST be recorded; DO NOT enter "priceless"
A2: Auction Lot # | B2: Donor Name (donor provides FMV of donation) | C2: FMV of Auction Item | D2: Description: Auction Item | E2: Name of Purchaser: | F2: Funds Received | G2: Contribution Portion of Auction Item
G3: =F3-C3 -> 0
G4: =F4-C4 -> 0
G5: =F5-C5 -> 0
G6: =F6-C6 -> 0
G7: =F7-C7 -> 0
G8: =F8-C8 -> 0
G9: =F9-C9 -> 0
G10: =F10-C10 -> 0
G11: =F11-C11 -> 0
G12: =F12-C12 -> 0
G13: =F13-C13 -> 0
G14: =F14-C14 -> 0
... G31: =F31-C31 -> 0
C32: =SUM(C3:C31) -> 0 | F32: =SUM(F3:F31) -> 0 | G32: =SUM(G3:G31) -> 0
A34: EXAMPLE:
A35: 1 | B35: Tim Penny | C35: 150 | D35: Football tickets | E35: Joe Community | F35: 250 | G35: =F35-C35 -> 100

Sheet 3. Event Income, other
A1: Date | B1: Donor Name: | C1: Description | D1: Funds Received
D27: =SUM(D2:D26) -> 0

Sheet 4. Cash Prizes Paid
A1: Enter Cash Prizes paid below:
A2: Date | B2: Name | C2: Description | D2: $ amount paid
D19: =SUM(D4:D18) -> 0

Sheet 5. Event Expenses
A1: Enter Rent/Facility Costs below:
A2: Date | B2: Vendor | C2: Description of Expense | D2: $ amount paid
D10: =SUM(D3:D9) -> 0
A13: Enter Other Direct Expenses below:
A14: Date | B14: Vendor | C14: Description of Expense | D14: $ amount paid
D31: =SUM(D16:D30) -> 0
